cohdb
Replays
Latest Replays
All Replays
Popular Replays
Top Player Replays
Match Explorer
How It Works
Community
CoH3 Stats
Reddit
Sign in to upload your games and track your stats! →
Sign in with Steam
Match 48580354
Unlisted
Match 48580354
Overview
Messages
Build Orders
End
Selects Special Operations Battlegroup
Selects M29 Weasel Recon Vehicle
M29 Weasel Recon Vehicle
Construct Weapon Support Center
M1919 Machine Gun Team
Bazooka Squad
Engineer Squad
M1919 Machine Gun Team
Bazooka Squad
Mechanized Support Center
Selects Raiding Flares
M3 Armored Personnel Carrier
Improved M9 Bazooka Rockets
Bazooka Squad
Designate Forward Repair Station
Construct Medical Station
Selects SSF Commando Squad
SSF Commando Squad
SSF Commando Squad
Raiding Flares
Selects Mark Vehicle
Construct Tank Depot
Mark Vehicle
Be Frabjous
Henk
water
Aleggs_
WilllTHENOOBz
Prime
Valieriumborn
raven182
0
0
Comments
sign in to comment!
No comments posted yet!